 Dungeon Crawl Stone Soup version 0.26-a0-689-gc93c913f66 (webtiles) character file.

Game seed: 10602657995271595603

1376 Kinoniko the Nimble (level 8, -1/51 HPs)
             Began as a Halfling Monk on Oct 23, 2020.
             Was a Priest of Wu Jian.
             Killed by divine providence
             ... invoked by an orc priest
              (16 damage)
             ... on level 6 of the Dungeon.
             The game lasted 00:09:53 (6514 turns).

Kinoniko the Nimble (Halfling Monk)                 Turns: 6514, Time: 00:09:53

Health: -1/51      AC:  7    Str: 14    XL:     8   Next: 98%
Magic:  8/8        EV: 18    Int:  8    God:    Wu Jian [***...]
Gold:   274        SH:  0    Dex: 17    Spells: 7/7 levels left

rFire    . . .     SeeInvis .   l - +0 long sword
rCold    + . .     Faith    .   (shield restricted)
rNeg     . . .     Spirit   .   e - +0 ring mail
rPois    .         Reflect  .   d - +0 helmet
rElec    .         Harm     .   (no cloak)
rCorr    .         Rampage  .   g - +0 pair of gloves
MR       .....                  (no boots)
Stlth    +.........             i - amulet of the acrobat
HPRegen  0.17/turn              f - ring of protection from cold
MPRegen  0.11/turn              (no ring)

@: lightly drained
A: small, mutation resistance 1
a: Wall Jump, Serpent's Lash, Renounce Religion


You were on level 6 of the Dungeon.
You worshipped Wu Jian.
Wu Jian was most pleased with you.
You visited 2 branches of the dungeon, and saw 7 of its levels.

You collected 274 gold pieces.

Inventory:

Hand Weapons
 a - a +0 falchion
 l - a +0 long sword (weapon)
Armour
 d - a +0 helmet (worn)
 e - a +0 ring mail (worn)
 g - a +0 pair of gloves (worn)
Jewellery
 f - a ring of protection from cold (left hand)
 i - an amulet of the acrobat (around neck)
Wands
 j - a wand of random effects (16)
 k - a wand of disintegration (14)
Scrolls
 b - 4 scrolls of remove curse
 h - 2 scrolls of identify
 m - 3 scrolls of teleportation
 n - a scroll of blinking
Potions
 c - 3 potions of stabbing


   Skills:
 - Level 2.6(2.4) Fighting
 * Level 7.9(7.7) Long Blades
 * Level 8.7(8.4) Dodging
 - Level 2.1(2.0) Stealth


You had 7 spell levels left.
You didn't know any spells.
Your spell library contained the following spells:

 Spells                   Type           Power        Failure   Level
 Animate Skeleton         Necr           #.....       65%         1
 Pain                     Necr           #...         65%         1
 Summon Small Mammal      Summ           #...         65%         1
 Call Imp                 Summ           #.......     80%         2
 Call Canine Familiar     Summ           #.......     95%         3
 Summon Guardian Golem    Hex/Summ       #.......     95%         3
 Vampiric Draining        Necr           #.........   95%         3
 Animate Dead             Necr           #.........   100%        4
 Summon Ice Beast         Ice/Summ       #.......     100%        4
 Summon Lightning Spire   Summ/Air       #.......     100%        4
 Agony                    Necr           #.......     100%        5


Dungeon Overview and Level Annotations

Branches:
Dungeon (6/15)             Temple (1/1) D:4

Altars:
Ashenzari
Cheibriados
Dithmenos
Elyvilon
Hepliaklqana
Kikubaaqudgha
Makhleb
Nemelex Xobeh
Okawaru
Qazlal
Sif Muna
Trog
Uskayaw
Vehumet
Wu Jian
Xom
Yredelemnul
Zin

Annotations:
D:3 1 runed translucent door, Crazy Yiuf


Innate Abilities, Weirdness & Mutations

You are small and have problems with some larger weapons.
You are somewhat resistant to further mutation.


Message History

An orc priest comes into view. It is wielding a +0 dagger.
The orc priest looks satisfied for a moment.
An orc priest is nearby!
You are too injured to fight recklessly!
You are too injured to fight recklessly!
An orc comes into view.
It is wielding a +0 short sword and quivering 14 poisoned darts.
An orc wizard comes into view. It is wielding a +0 dagger.
Things that are here:
a cursed +5 battleaxe; a +0 robe
Things that are here:
a +0 war axe; a +0 robe You lunge at the orc priest.
You closely miss the orc priest.
Things that are here:
a +0 war axe; a +0 robe You hit the orc priest.
The orc priest is moderately wounded.
The orc priest closely misses you.
The orc priest calls down the wrath of Beogh upon you.
Beogh smites you!
You die...

.............. ..# #..
..#....##....# ..# #.#
#######.....o##..###.#
##.#........ ..####
######.........#####.../####
..........................>.
.#####.........#........#...
...............#o)......#
.........).....#@)......#
...........z...#........#
...............#........#
...............#........#
..........######........#
..........# #........#
..........# #........#
...######## #........# ...#
##########


You could see an orc priest.

Vanquished Creatures
  Sigmund (D:3)
  Eustachio (D:6)
  A phantom (D:4)
  A bullfrog (D:6)
  A scorpion (D:4)
  5 wights (D:6)
  A howler monkey (D:6)
  A hound (D:6)
  3 jellies
  A bullfrog skeleton (D:4)
  A gnoll shaman (D:4)
  2 centaur skeletons (D:5)
  Terence (D:2)
  Ijyb (D:3)
  An orc wizard (D:5)
  2 worker ants (D:5)
  Robin (D:2)
  8 gnolls
  5 adders
  A white imp (D:6)
  3 ufetubi
  An ooze (D:1)
  6 worms
  A dart slug (D:2)
  4 leopard geckos
  11 orcs
  5 bats
  5 giant cockroaches
  15 hobgoblins
  11 jackals
  2 quokkas (D:2)
  2 ball pythons
  8 frilled lizards
  9 goblins
  8 kobolds
  A leopard gecko zombie (D:5)
  9 rats
140 creatures vanquished.

Vanquished Creatures (others)
  A fungus (D:3)
  A plant (D:4)
2 creatures vanquished.

Grand Total: 142 creatures vanquished

Notes
Turn   | Place    | Note
-------+----------+-------------------------------------------
     0 | D:1      | Kinoniko the Halfling Monk began the quest for the Orb.
     0 | D:1      | Reached XP level 1. HP: 15/15 MP: 1/1
   195 | D:1      | Reached XP level 2. HP: 19/20 MP: 2/2
   475 | D:1      | Reached XP level 3. HP: 25/25 MP: 3/3
   503 | D:1      | Reached skill level 4 in Dodging
  1070 | D:2      | Reached XP level 4. HP: 16/30 MP: 4/4
  1434 | D:2      | Noticed Robin
  1466 | D:2      | Killed Robin
  1802 | D:2      | Noticed Terence
  1823 | D:2      | Killed Terence
  1823 | D:2      | Reached XP level 5. HP: 27/35 MP: 5/5
  2547 | D:3      | Noticed Sigmund
  2568 | D:3      | Killed Sigmund
  2568 | D:3      | Reached skill level 5 in Long Blades
  2568 | D:3      | Reached skill level 5 in Dodging
  2568 | D:3      | Reached XP level 6. HP: 10/41 MP: 6/6
  2897 | D:3      | Noticed Ijyb
  2901 | D:3      | Paralysed by Ijyb for 2 turns
  2906 | D:3      | Paralysed by Ijyb for 5 turns
  2913 | D:3      | Paralysed by Ijyb for 4 turns
  2925 | D:3      | Killed Ijyb
  3285 | D:3      | Found a runed translucent door.
  3286 | D:3      | Noticed Crazy Yiuf
  3304 | D:4      | Found a staircase to the Ecumenical Temple.
  3314 | D:4      | Reached skill level 6 in Dodging
  3329 | Temple   | Entered the Ecumenical Temple
  3547 | Temple   | Became a worshipper of the Wu Jian Council
  3547 | Temple   | Reached * piety under Wu Jian
  3547 | Temple   | Reached ** piety under Wu Jian
  3584 | D:4      | Reached XP level 7. HP: 45/45 MP: 7/7
  4444 | D:4      | Found a hazy altar of Hepliaklqana.
  4445 | D:4      | Found a shadowy altar of Dithmenos.
  4445 | D:4      | Noticed a shadow
  4574 | D:5      | Entered Level 5 of the Dungeon
  4901 | D:4      | HP: 2/45 [gnoll shaman/+0 club (6)]
  5271 | D:5      | Reached skill level 7 in Dodging
  5435 | D:5      | Reached XP level 8. HP: 29/51 MP: 8/8
  6208 | D:6      | Noticed Eustachio
  6240 | D:6      | Killed Eustachio
  6362 | D:6      | Reached skill level 8 in Dodging
  6488 | D:6      | Reached *** piety under Wu Jian
  6514 | D:6      | Killed from afar by an orc priest

Illustrated notes

Levels and vault maps discovered:
D:1:      wander_arrival_abandoned_jail, layout_basic, grunt_decor_mini_mirrors
D:2:      layout_loops_ring, mrwooster_statue_mirror, uniq_robin, uniq_terence
D:3:      layout_rooms, uniq_sigmund, uniq_ijyb, uniq_crazy_yiuf_cottage
D:4:      layout_gridville, riverfiend_overflow_shadow_ancestor,
          minmay_temple_entry_overgrown
D:5:      layout_loops_cross
D:6:      layout_basic, uniq_eustachio
Temple:   eino_temple_scatter_basement

Skill      XL: |  1  2  3  4  5  6  7  8 |
---------------+-------------------------+-----
Dodging        | 4 5 6 7 8 |  8.7
Long Blades    | 4 5 6 7 |  7.9
Fighting       | |  2.6
Stealth        | |  2.1

Action                   |  1- 3 |  4- 6 |  7- 9 || total
-------------------------+-------+-------+-------++-------
Melee: Falchion          |   128 |   182 |   133 ||   443
       Long sword        |       |       |   174 ||   174
Invok: Whirlwind         |       |     7 |   141 ||   148
       Lunge             |       |     1 |    19 ||    20
  Use: Potion            |       |     7 |     2 ||     9
       Scroll            |       |     3 |     5 ||     8
 Stab: Sleeping          |     4 |     1 |     4 ||     9
Armor: Ring mail         |    25 |    28 |    44 ||    97
       Robe              |     3 |       |       ||     3
       Skin              |       |    15 |       ||    15
       Chain mail        |       |     2 |       ||     2
Dodge: Dodged            |   111 |   131 |   305 ||   547
       Rpst.: Falchion   |    33 |    34 |    27 ||    94
       Long sword        |       |       |    56 ||    56

Table legend: (Time is in decaauts)
 A = Elapsed time spent in this place.
 B = Non-inter-level travel time spent in this place.
 C = Inter-level travel time spent in this place.
 D = Time resting spent in this place.
 E = Time spent auto-exploring this place.
 F = Levels seen in this place.
 G = Mean time per level.
                   A        B        C        D        E       F      G
               +--------+--------+--------+--------+--------+-----+--------+
         Total |   6564 |   6461 |    103 |   2092 |   2929 |   7 |  937.7 |
       Dungeon |   6332 |   6229 |    103 |   2092 |   2759 |   6 | 1055.3 |
        Temple |    231 |    231 |      0 |      0 |    170 |   1 |  231.0 |
               +--------+--------+--------+--------+--------+-----+--------+

Top non-repeatable levels by time:
     D:2: 1786 daAuts
     D:4: 1628 daAuts
     D:5: 951 daAuts
     D:1: 831 daAuts
     D:3: 714 daAuts
     D:6: 420 daAuts
  Temple: 231 daAuts
